 Dungeon Crawl Stone Soup version 0.30-a0-860-g512cf1e979 (webtiles) character file.

Game seed: 11325031075306386662

39 browni3141 the Charlatan (level 3, -1/21 HPs)
             Began as a Kobold Artificer on Mar 8, 2023.
             Slain by a scorpion (3 damage)
             ... on level 2 of the Dungeon.
             The game lasted 00:01:34 (1182 turns).

browni3141 the Charlatan (Kobold Artificer)         Turns: 1182, Time: 00:01:35

Health: -1/21      AC:  3    Str:  9    XL:     3   Next: 67%
Magic:  3/3        EV: 14    Int: 12    God:
Gold:   87         SH:  4    Dex: 17    Spells: 2/2 levels left

rFire   . . .      SeeInvis .    j - +0 dagger
rCold   . . .      Faith    .    n - +0 buckler
rNeg    . . .      Spirit   .    b - +0 leather armour
rPois   .          Reflect  .    (no helmet)
rElec   .          Rampage  .    (no cloak)
rCorr   .                        (no gloves)
Will    .....                    (no boots)
Stlth   +++                      (no amulet)
HPRegen 0.23/turn                (no ring)
MPRegen 0.08/turn                (no ring)

@: lethally poisoned (-1 -> -7), hasted, invisible, very quick
A: small, no large weapons, nightstalker 3
a: no special abilities


You were on level 2 of the Dungeon.
You visited 1 branch of the dungeon, and saw 2 of its levels.

You collected 87 gold pieces.

Inventory:

Hand Weapons
 a - a +0 club
 j - a +0 dagger (weapon)
Armour
 b - a +0 leather armour (worn)
 n - a +0 buckler (worn)
Wands
 c - a wand of flame (11) (quivered)
 d - a wand of charming (15)
 e - a wand of iceblast (5)
Scrolls
 h - 2 scrolls of identify {unknown}
 i - a scroll of enchant armour {unknown}
 m - 2 scrolls of vulnerability {unknown}
Potions
 f - a potion of invisibility
 k - a potion of heal wounds {unknown}
 l - a potion of curing {unknown}


   Skills:
 - Level 2.0 Fighting
 - Level 0.8 Armour
 * Level 2.9 Dodging
 - Level 3.0 Stealth
 * Level 0.1 Shields
 - Level 4.0 Evocations


You had 2 spell levels left.
You didn't know any spells.
Your spell library contained the following spells:

 Spells                   Type           Power      Damage    Failure   Level
 Portal Projectile        Hex/Tloc       0%         N/A       91%         3
 Tukima's Dance           Hex            0%         N/A       91%         3
 Blade Hands              Tmut           0%         N/A       100%        5


Dungeon Overview and Level Annotations

Branches:
Dungeon (2/15)

Altars:


Innate Abilities, Weirdness & Mutations

You are small and have problems with some larger weapons.
You are completely attuned to the shadows.


Message History

You barely miss the endoplasm.
The endoplasm is almost dead.
The endoplasm hits you but does no damage.
You hit the endoplasm.
You kill the endoplasm!
No target in view!
HP restored.
Found a stone staircase leading down.
Found a robe.
Found a stone staircase leading up.
A scorpion comes into view.
A scorpion is nearby!
The scorpion stings you.
You closely miss the scorpion.
The scorpion stings you but does no damage.
You block the scorpion's attack.
You closely miss the scorpion. You block the scorpion's attack.
You hit the scorpion.
The scorpion is lightly wounded.
You block the scorpion's attack.
You closely miss the scorpion.
The scorpion is lightly wounded.
The scorpion barely misses you. The scorpion stings you!
You are poisoned.
The scorpion poisons you!
You hit the scorpion but do no damage.
The scorpion is lightly wounded.
You feel very sick. The scorpion stings you.
* * * LOW HITPOINT WARNING * * *
You are too injured to fight recklessly!
Unknown command.
It was a potion of invisibility.
You fade into invisibility!
* * * LOW HITPOINT WARNING * * *
You feel sick. The scorpion misses you.
Unknown command.
It was a potion of haste.
You feel yourself speed up.
* * * LOW HITPOINT WARNING * * *
You feel sick. The scorpion stings you.
You die...

....<......#.#
...........#.#
....##..##.#.#
.### #.###.#.#
#.# #.#.####
#.#.....
##.......
#........
#@[..<...
...s........
#.##....... #
#...... #.#...


You could see a scorpion (unable to see you).

Vanquished Creatures
  3 ball pythons (D:1)
  A bat (D:1)
  8 endoplasms
  2 hobgoblins (D:1)
  4 quokkas (D:1)
  2 frilled lizards (D:1)
  7 goblins (D:1)
  2 kobolds (D:1)
  3 rats (D:1)
32 creatures vanquished.

Notes
Turn   | Place    | Note
-------+----------+-------------------------------------------
     0 | D:1      | browni3141 the Kobold Artificer began the quest for the
                  | Orb.
     0 | D:1      | Reached XP level 1. HP: 12/12 MP: 1/1
    91 | D:1      | Reached XP level 2. HP: 17/17 MP: 2/2
   550 | D:1      | Reached XP level 3. HP: 15/21 MP: 3/3
   683 | D:1      | Reached skill level 4 in Evocations
  1172 | D:2      | Noticed a scorpion
  1182 | D:2      | Slain by a scorpion

Illustrated notes

Levels and vault maps discovered:
D:1:      kennysheep_arrival_forest, layout_loops_ring,
          minmay_misc_feat_ornament
D:2:      layout_rooms, dreamdust_ecumenical_altar_hidden_monk_grotto,
          kennysheep_generic_room_6

Skill      XL: |  1  2  3 |
---------------+----------+-----
Fighting       | 2 |  2.0
Stealth        | 3 |  3.0
Evocations     | 4 |  4.0
Armour         | |  0.8
Dodging        | |  2.9
Shields        | |  0.1

Action                     || total
---------------------------++-------
  Melee: Club              ||   112
         Punch             ||     1
         Dagger            ||    37
  Evoke: Wand              ||     4
    Use: Potion            ||     2
   Stab: Sleeping          ||    17
 Armour: Leather armour    ||    38
  Dodge: Dodged            ||    98
  Block: Buckler           ||     3

Table legend: (Time is in decaauts)
 A = Elapsed time spent in this place.
 B = Non-inter-level travel time spent in this place.
 C = Inter-level travel time spent in this place.
 D = Time resting spent in this place.
 E = Time spent auto-exploring this place.
 F = Levels seen in this place.
 G = Mean time per level.
                   A        B        C        D        E       F      G
               +--------+--------+--------+--------+--------+-----+--------+
         Total |   1216 |   1178 |     38 |      0 |    843 |   2 |  608.0 |
       Dungeon |   1216 |   1178 |     38 |      0 |    843 |   2 |  608.0 |
               +--------+--------+--------+--------+--------+-----+--------+

Top non-repeatable levels by time:
     D:1: 1167 daAuts
     D:2: 48 daAuts
